 Dungeon Crawl Stone Soup version 0.28-a0-1412-gf95308ed99 (webtiles) character file.

Game seed: 4025520242199342672

114 HallandMoats the Skirmisher (level 4, -3/40 HPs)
             Began as a Ghoul Fighter on Jan 6, 2022.
             Slain by Crazy Yiuf (5 damage)
             ... on level 3 of the Dungeon.
             The game lasted 00:01:49 (2143 turns).

HallandMoats the Skirmisher (Ghoul Fighter)         Turns: 2143, Time: 00:01:49

Health: -3/40      AC:  6    Str: 19    XL:     4   Next: 97%
Magic:  4/4        EV:  9    Int:  5    God:
Gold:   130        SH:  0    Dex:  8    Spells: 3/3 levels left

rFire   . . .      SeeInvis .   a - +0 war axe
rCold   + . .      Faith    .   p - orb {light}
rNeg    + + +      Spirit   .   b - +0 scale mail
rPois   ∞          Reflect  .   (no helmet)
rElec   .          Harm     .   (no cloak)
rCorr   .          Rampage  .   (no gloves)
Will    .....                   (no boots)
Stlth   ..........              (no amulet)
HPRegen 0.00/turn               (no ring)
MPRegen 0.09/turn               (no ring)

@: inhibited regen, glowing
A: claws 1, cold resistance 1, negative energy resistance 3, inhibited
regeneration, torment resistance 2
a: no special abilities


You were on level 3 of the Dungeon.
You visited 1 branch of the dungeon, and saw 3 of its levels.

You collected 130 gold pieces.

Inventory:

Hand Weapons
 a - a +0 war axe (weapon)
Armour
 b - a +0 scale mail (worn)
 c - a +0 buckler
 d - a +0 helmet
 p - an orb of light (worn)
Jewellery
 k - a ring of wizardry
Scrolls
 f - 2 scrolls of identify {unknown}
 h - a scroll of brand weapon {unknown}
 i - 2 scrolls of fear {unknown}
 j - a scroll of magic mapping {unknown}
 n - 2 scrolls of teleportation {unknown}
 o - a scroll of blinking {unknown}
 q - a scroll of vulnerability {unknown}
Potions
 e - a potion of experience {unknown}
 g - a potion of heal wounds {unknown}
 l - a potion of curing {unknown}
 m - a potion of magic {unknown}
 r - a potion of might


   Skills:
 * Level 4.0 Fighting
 * Level 2.5 Axes
 + Level 3.0 Armour
 + Level 1.0 Dodging
 * Level 3.3 Shields
 + Level 1.3 Invocations


You had 3 spell levels left.
You didn't know any spells.
Your spell library contained the following spells:

 Spells                   Type           Power      Damage    Failure   Level
 Blink                    Tloc           0%         N/A       94%         2
 Lesser Beckoning         Tloc           0%         N/A       99%         3
 Manifold Assault         Tloc           0%         N/A       100%        5


Dungeon Overview and Level Annotations

Branches:
Dungeon (3/15)

Altars:

Annotations:
D:3 Crazy Yiuf


Innate Abilities, Weirdness & Mutations

You thrive by killing the living.
You are immune to poison.
You have sharp fingernails.
Your flesh is cold resistant. (rC+)
You are immune to negative energy. (rN+++)
You do not regenerate when monsters are visible.
You are immune to unholy pain and torment.


Message History

There is an escape hatch in the floor here.
You now have 130 gold pieces (gained 13).
r - a potion of might No target in view!
Found an escape hatch in the ceiling.
No target in view!
There is an escape hatch in the ceiling here.
Key pressed, stopping explore.
No target in view!
You see here a +0 club.
No reachable target in view!
Could not explore, unopened runed door.
No reachable target in view!
Could not explore, unopened runed door.
No reachable target in view!
Could not explore, unopened runed door.
No reachable target in view!
Could not explore, unopened runed door.
No reachable target in view!
Could not explore, unopened runed door.
Okay, then.
As you open the door, it creaks loudly!
You hit Crazy Yiuf but do no damage.
Crazy Yiuf hits you with a +3 quarterstaff of chaos.
You are electrocuted!!
Crazy Yiuf hits you with a +3 quarterstaff of chaos.
Crazy Yiuf burns you.
* * * LOW HITPOINT WARNING * * *
You completely miss Crazy Yiuf.
Crazy Yiuf hits you with a +3 quarterstaff of chaos!
* * * LOW HITPOINT WARNING * * *
You resist with some effort.
You slash Crazy Yiuf!
Crazy Yiuf is heavily wounded.
Crazy Yiuf grits, "Mountain!
Fluff foot koolooloo."
Crazy Yiuf barely misses you.
You hit Crazy Yiuf but do no damage.
Crazy Yiuf is heavily wounded.
Crazy Yiuf hits you with a +3 quarterstaff of chaos.
You die...

### #..[....# #.......#
###..#..# ########## ##..#
######...# ....##...# ###
###### .........# #)..###
##..#.## ....##..##
#...g@####......# ........#
#...##..#.......# ....#..##
### ###.#...##.# ....#.##
########.# ......#### #..#
.........################.##
###.###.........).........#
#..##..###################
##.....##


You could see Crazy Yiuf.

Vanquished Creatures
  Jessica (D:2)
  Robin (D:2)
  2 adders (D:3)
  A worm (D:2)
  3 dart slugs
  4 bats
  3 endoplasms
  3 giant cockroaches (D:1)
  10 goblins
  6 hobgoblins
  3 jackals (D:1)
  2 ball pythons
  A frilled lizard (D:2)
  4 kobolds
  4 rats
48 creatures vanquished.

Notes
Turn   | Place    | Note
-------+----------+-------------------------------------------
     0 | D:1      | HallandMoats the Ghoul Fighter began the quest for the Orb.
     0 | D:1      | Reached XP level 1. HP: 19/19 MP: 0/0
   236 | D:1      | Reached XP level 2. HP: 21/26 MP: 1/1
   448 | D:1      | Found a faded altar of an unknown god.
   738 | D:2      | Noticed Robin
   742 | D:2      | Reached XP level 3. HP: 24/31 MP: 2/2
   748 | D:2      | Killed Robin
   831 | D:2      | Reached skill level 1 in Invocations
   882 | D:2      | Noticed Jessica
   886 | D:2      | Killed Jessica
   887 | D:2      | Reached XP level 4. HP: 40/40 MP: 3/3
  1806 | D:3      | Reached skill level 4 in Fighting
  1828 | D:3      | Found a runed translucent door.
  1829 | D:3      | Noticed Crazy Yiuf
  1957 | D:3      | Reached skill level 1 in Dodging
  2141 | D:3      | HP: 2/40 [Crazy Yiuf (10)]
  2143 | D:3      | Slain by Crazy Yiuf

Illustrated notes

Levels and vault maps discovered:
D:1:      minmay_arrival_diagonal_passages, layout_loops_ring,
          hellmonk_ecumenical_altar_pennies_from_heaven
D:2:      layout_basic, uniq_jessica, uniq_robin
D:3:      layout_rooms, kennysheep_generic_room_14, uniq_crazy_yiuf_cottage

Skill      XL: |  1  2  3  4 |
---------------+-------------+-----
Axes           | 2 |  2.5
Shields        | 3 |  3.3
Invocations    | 1 |  1.3
Armour         | 3 |  3.0
Fighting       | 4 |  4.0
Dodging        | 1 |  1.0

Action                   |  1- 3 |  4- 6 || total
-------------------------+-------+-------++-------
Melee: War axe           |    60 |    55 ||   115
  Use: Potion            |     1 |       ||     1
Armor: Scale mail        |    35 |    26 ||    61
Dodge: Dodged            |    37 |    30 ||    67
Block: Buckler           |    16 |     4 ||    20

Table legend: (Time is in decaauts)
 A = Elapsed time spent in this place.
 B = Non-inter-level travel time spent in this place.
 C = Inter-level travel time spent in this place.
 D = Time resting spent in this place.
 E = Time spent auto-exploring this place.
 F = Levels seen in this place.
 G = Mean time per level.
                   A        B        C        D        E       F      G
               +--------+--------+--------+--------+--------+-----+--------+
         Total |   2193 |   2073 |    120 |      0 |   1739 |   3 |  731.0 |
       Dungeon |   2193 |   2073 |    120 |      0 |   1739 |   3 |  731.0 |
               +--------+--------+--------+--------+--------+-----+--------+

Top non-repeatable levels by time:
     D:2: 801 daAuts
     D:1: 758 daAuts
     D:3: 634 daAuts
